 Dungeon Crawl Stone Soup version 0.20.0-3-g22ec75f (webtiles) character file.

86 RKaid the Vexing (level 4, -1/25 HPs)
             Began as a Deep Elf Arcane Marksman on May 26, 2017.
             Was an Initiate of Yredelemnul.
             Slain by a gnoll
             ... wielding a +0 whip
              (4 damage)
             ... on level 2 of the Dungeon.
             The game lasted 00:09:37 (3032 turns).

RKaid the Vexing (Deep Elf Arcane Marksman)         Turns: 3032, Time: 00:09:38

Health: -1/25      AC:  3    Str: 10    XL:     4   Next: 26%
Magic:  6/8        EV: 13    Int: 19    God:    Yredelemnul [......]
Gold:   103        SH:  0    Dex: 15    Spells: 0/6 levels left

rFire    . . .     SeeInvis .   b - +1 dagger (speed)
rCold    . . .     Gourm    .   (no shield)
rNeg     . . .     Faith    .   e - +0 robe
rPois    .         Spirit   .   (no helmet)
rElec    .         Reflect  .   (no cloak)
rCorr    .         Harm     .   j - +0 pair of gloves
MR       .....                  (no boots)
Stlth    ++........             (no amulet)
Regen    0.1/turn               h - +3 ring of strength
MPRegen  0.2/turn               (no ring)

@: no status effects
A: no striking features
a: Renounce Religion


You were on level 2 of the Dungeon.
You worshipped Yredelemnul.
Yredelemnul was noncommittal.
You were not hungry.

You visited 1 branch of the dungeon, and saw 3 of its levels.

You collected 103 gold pieces.

Inventory:

Hand Weapons
 a - a +0 shortbow
 b - a +1 dagger of speed (weapon)
   (You took it off a goblin on level 1 of the Dungeon)
Missiles
 d - 12 arrows
Armour
 e - a +0 robe (worn)
 j - a +0 pair of gloves (worn)
   (You found it on level 1 of the Dungeon)
Jewellery
 h - a +3 ring of strength (left hand)
   (You found it on level 2 of the Dungeon)
 i - a +6 amulet of reflection {unknown}
   (You found it on level 1 of the Dungeon)
Scrolls
 g - 2 scrolls of blinking {unknown}
 k - 5 scrolls of identify {unknown}
 o - a scroll of remove curse
Potions
 l - a potion of ambrosia
 p - a potion of haste {unknown}
Books
 c - a book of Debilitation
Comestibles
 f - 2 bread rations
 m - 2 chunks of flesh
 n - a meat ration


   Skills:
 + Level 1.4 Fighting
 * Level 1.0 Short Blades
 - Level 3.1 Bows
 - Level 2.4 Dodging
 * Level 2.0 Stealth
 - Level 1.5 Spellcasting
 + Level 5.0 Hexes


You couldn't memorise any spells.
You knew the following spells:

 Your Spells              Type           Power        Failure   Level  Hunger
a - Corona                Hex            ###....      2%          1    ##.....
b - Slow                  Hex            ###.....     3%          2    ###....
c - Portal Projectile     Hex/Tloc       ##....       19%         3    ####...


Dungeon Overview and Level Annotations

Branches:
Dungeon (3/15)

Altars:
Makhleb
Yredelemnul

Annotations:
D:3 Ijyb


Message History

Found a stone staircase leading down.
There is a stone staircase leading up here.
You closely miss the giant cockroach. You closely miss the giant cockroach.
The giant cockroach bites you but does no damage.
You hit the giant cockroach but do no damage.
The giant cockroach bites you.
You completely miss the giant cockroach.
The giant cockroach barely misses you.
You barely miss the giant cockroach.
The giant cockroach bites you but does no damage.
An adder comes into view.
You barely miss the giant cockroach.
The giant cockroach bites you. 2 leopard geckos come into view.
There is a stone staircase leading up here.
The giant cockroach bites you.
You climb upwards.
There is a stone staircase leading down here.
You hit the giant cockroach. The giant cockroach barely misses you.
You hit the giant cockroach but do no damage.
The giant cockroach misses you.
You hit the giant cockroach.
You kill the giant cockroach!
Yredelemnul accepts your kill.
Your Stealth skill increases to level 2!
You see here a giant cockroach corpse.
You butcher the giant cockroach corpse.
m - 2 chunks of flesh (gained 1)
There is an open door here.
There is an open door here.
There is a stone staircase leading down here.
You climb downwards.
There is a stone staircase leading up here.
a - a +0 shortbow (weapon)
Found a robe.
Found a stone staircase leading down.
A worm comes into view.
Firing (i - inventory):
d - 14 arrows (quivered)
Press: ? - help, Shift-Dir - straight line, f - worm
Aim: a worm You shoot an arrow.
The arrow barely misses the worm.
An adder comes into view.
There is a stone staircase leading up here.
You aren't carrying any items that you can evoke.
You climb upwards.
There is a stone staircase leading down here.
Memorise Portal Projectile, consuming 3 spell levels and leaving 0?
You start memorising the spell.
You continue memorising. x3
You finish memorising.
Spell assigned to 'c'.
Unknown command.
There is an open door here.
There is an open door here.
There is a stone staircase leading down here.
You climb downwards.
A goblin and 2 gnolls come into view.
There is a stone staircase leading up here.
Firing (i - inventory):
d - 13 arrows (quivered)
Press: ? - help, Shift-Dir - straight line, f - gnoll
Aim: a gnoll, wielding a club (hasn't noticed you)
You shoot an arrow. The goblin shouts!
The leopard gecko hisses angrily.
The gnoll shouts!
The arrow hits the gnoll. (m)acro, (M)acro raw, keymap [(k) default, (x) level-map, (t)argeting, (c)onfirm, m(e)nu], (s)ave?
Input macro trigger key: 2 Input macro action: zb Created macro '2' => 'zb'. (m)acro, (M)acro raw, keymap [(k) default, (x) level-map, (t)argeting, (c)onfirm, m(e)nu], (s)ave?
Input macro trigger key: 3 Input macro action: zc Created macro '3' => 'zc'.
Cast which spell? (? or * to list)
Aiming: Slow
Press: ? - help, Shift-Dir - straight line, f - gnoll, p - gnoll
Aim: a gnoll, wielding a whip (chance to defeat MR: 67%)
The gnoll seems to slow down.
The gnoll misses you. The gnoll hits you with a whip!
You climb upwards.
There is a stone staircase leading down here.
Really attack while wielding your +0 shortbow? [Y]es or [N]o only, please.
Really attack while wielding your +0 shortbow? [Y]es or [N]o only, please.
Really attack while wielding your +0 shortbow? [Y]es or [N]o only, please.
Really attack while wielding your +0 shortbow?
Okay, then.
Your hands tingle!
b - a +1 dagger of speed (weapon)
The gnoll hits you with a club.
You hit the gnoll. The gnoll hits you with a whip.
You hit the gnoll but do no damage. The gnoll hits you with a club.
You hit the gnoll. You hit the gnoll but do no damage.
The gnoll hits you with a whip.
* * * LOW HITPOINT WARNING * * *
The gnoll closely misses you.
As you read the scroll labeled DISUCO LATZYMN, it crumbles to dust.
You feel blessed for a moment.
It was a scroll of remove curse.
o - a scroll of remove curse;
h - a +3 ring of strength (left hand)
The gnoll barely misses you. The gnoll hits you with a whip.
You die...
Your body rises from the dead as a mindless zombie.

#<# #.# #.# #(#########
#.........# ###.....#.#
#.....#.# #####.(...#.#
#@g.......#.# #g###.###.#.#
#.# #..##.#)# #######
#.####.##.#)###### #.....#
#................. #.###.#
#.#.......#.)....# #.#
#.#####+#'##.##.#......# #.#
#.#........#.##.#......#
###.###.#........#..#.#....###


You could see 2 gnolls.

Vanquished Creatures
  5 dart slugs (D:1)
  3 leopard geckos (D:1)
  7 bats
  4 giant cockroaches
  2 gnoll zombies (D:2)
  13 goblins
  10 hobgoblins
  9 kobolds
  4 frilled lizards
  7 rats
64 creatures vanquished.

Notes
Turn   | Place    | Note
-------+----------+-------------------------------------------
     0 | D:1      | RKaid the Deep Elf Arcane Marksman began the quest for the Orb.
     0 | D:1      | Reached XP level 1. HP: 11/11 MP: 5/5
    70 | D:1      | Reached skill level 1 in Fighting
    70 | D:1      | Reached XP level 2. HP: 16/16 MP: 6/6
   500 | D:1      | Reached skill level 3 in Bows
   528 | D:1      | Reached XP level 3. HP: 9/20 MP: 7/7
   703 | D:1      | Learned a level 2 spell: Slow
   939 | D:1      | HP: 4/20 [kobold/whip (5)]
   947 | D:1      | HP: 3/20 [kobold/stone (2)]
  1356 | D:1      | Reached skill level 1 in Stealth
  2074 | D:2      | Reached XP level 4. HP: 20/25 MP: 8/8
  2431 | D:2      | Reached skill level 1 in Short Blades
  2568 | D:2      | Reached skill level 5 in Hexes
  2795 | D:2      | Found a basalt altar of Yredelemnul.
  2803 | D:2      | Became a worshipper of Yredelemnul the Dark
  2844 | D:3      | Found a burning altar of Makhleb.
  2844 | D:3      | Noticed an ogre
  2908 | D:2      | Reached skill level 2 in Stealth
  2982 | D:2      | Learned a level 3 spell: Portal Projectile
  3026 | D:3      | Noticed Ijyb
  3031 | D:2      | HP: 3/25 [gnoll/whip (5)]
  3032 | D:2      | Slain by a gnoll

Skill      XL: |  1  2  3  4 |
---------------+-------------+-----
Fighting       | 1 |  1.4
Bows           | 3 |  3.1
Stealth        | 1 2 |  2.0
Short Blades   | 1 |  1.0
Hexes          | 5 |  5.0
Dodging        | |  2.4
Spellcasting   | |  1.5

Action                   |  1- 3 |  4- 6 || total
-------------------------+-------+-------++-------
Melee: Dagger            |   171 |    61 ||   232
 Fire: Shortbow          |    52 |     6 ||    58
 Cast: Slow              |       |     1 ||     1
  Use: Potion            |     1 |       ||     1
       Scroll            |       |     1 ||     1
 Stab: Sleeping          |     1 |     1 ||     2
  Eat: Bread ration      |     1 |       ||     1
       Chunk             |       |     2 ||     2
Armor: Robe              |    31 |     5 ||    36
Dodge: Dodged            |   108 |    21 ||   129

Table legend:
 A = Turns spent in this place as a percentage of turns spent in the entire game.
 B = Non-inter-level travel turns spent in this place as a percentage of non-inter-level travel turns spent in the entire game.
 C = Inter-level travel turns spent in this place as a percentage of turns spent in this place.
 D = Turns resting spent in this place as a percentage of non-inter-level travel turns spent in this place.
 E = Turns spent auto-exploring this place as a percentage of non-inter-level travel turns spent in this place.
 F = Non-inter-level travel turns spent in this place divided by the number of levels of this place that you've seen.
                   A       B       C       D       E      F
               +-------+-------+-------+-------+-------+----------------------
         Total | 100.0 | 100.0 |   0.8 |   2.8 |   6.2 | 278.0
       Dungeon | 100.0 | 100.0 |   0.8 |   2.8 |   6.2 | 278.0
               +-------+-------+-------+-------+-------+----------------------

Table legend:
 A = Kills in this place as a percentage of kills in entire the game.
 B = Kills by you in this place as a percentage of kills by you in the entire game.
 C = Kills by friends in this place as a percentage of kills by friends in the entire game.
 D = Other kills in this place as a percentage of other kills in the entire game.
 E = Experience gained in this place as a percentage of experience gained in the entire game.
 F = Experience gained in this place divided by the number of levels of this place that you have seen.
                   A       B       C       D       E      F
               +-------+-------+-------+-------+-------+----------------------
         Total | 100.0 | 100.0 |  -nan |  -nan | 100.0 |  41.0
       Dungeon | 100.0 | 100.0 |  -nan |  -nan | 100.0 |  41.0
               +-------+-------+-------+-------+-------+----------------------
